 Dungeon Crawl Stone Soup version 0.17-a0-1769-g54adf96 (webtiles) character file.

74 ololoev the Poker (level 4, -4/36 HPs)
             Began as a Draconian Skald on Sept 7, 2015.
             Slain by Sigmund
             ... wielding a +6 scythe
              (9 damage)
             ... on level 2 of the Dungeon.
             The game lasted 00:02:55 (1589 turns).

ololoev the Poker (Draconian Skald)                 Turns: 1589, Time: 00:02:55

Health: -4/36      AC:  5    Str: 14    XL:     4   Next: 9%
Magic:  0/7        EV: 12    Int: 13    God:
Gold:   68         SH:  0    Dex: 11    Spells: 3 memorised, 1 level left

rFire  . . .     SeeInvis .     a - +0 spear
rCold  . . .     Clarity  .     (armour unavailable)
rNeg   . . .     SustAt   .     (no shield)
rPois  +         Gourm    .     (helmet restricted)
rElec  .         Spirit   +     (no cloak)
rCorr  .         Warding  .     (no gloves)
rMut   .         Stasis   .     (no boots)
MR     .....                    m - amulet of guardian spirit
Stlth  +.........               (no ring)
                                g - ring of poison resistance

@: not resistant to hostile enchantments, very unstealthy
A: unfitting armour, cold-blooded, AC +5
a: no special abilities


Innate Abilities, Weirdness & Mutations

Your plain brown scales are hard (AC +5).
Your body does not fit into most forms of armour.
You are cold-blooded and may be slowed by cold attacks.

Inventory:

Hand weapons
 a - a +0 spear (weapon)
Armour
 k - a +1 buckler
Jewellery
 g - a ring of poison resistance (left hand)
 m - an amulet of guardian spirit (around neck)
Scrolls
 h - a scroll of identify
Potions
 b - a potion of magic {unknown}
 d - a potion of resistance
 j - a potion of ambrosia {unknown}
Comestibles
 c - a bread ration
 l - 2 meat rations


   Skills:
 - Level 2.1 Fighting
 * Level 4.4 Polearms
 - Level 1.3 Dodging
 - Level 2.0 Spellcasting
 - Level 2.6 Charms


You had one spell level left.
You knew the following spells:

 Your Spells              Type           Power        Failure   Level  Hunger
a - Infusion              Chrm           #.....       10%         1    ##.....
b - Song of Slaying       Chrm           #.......     14%         2    ###....
c - Regeneration          Chrm/Necr      #.........   52%         3    ####...


You were on level 2 of the Dungeon.
You were hungry.

You visited 1 branch of the dungeon, and saw 2 of its levels.

You collected 68 gold pieces.

..##.# ..##.# +.....#
..##.##.# ......#
#.##.##.# #.....#
#.##.##.#+##### #.....#
#.##.##.....##.###.....#
...#.##.....#.§.##.....#
#>##.##........§##{....#.#
#.##.##.....'.§§@l.†.....#
#.##.##.....#.§§##########
#.#.........#..§#
#.#####.###.##### #.# #.#
#†# .# #.# #.# ... #.# .##
#.# .. ..#

Notes
Turn   | Place    | Note
--------------------------------------------------------------
     0 | D:1      | ololoev the Draconian Skald began the quest for the Orb.
     0 | D:1      | Reached XP level 1. HP: 17/17 MP: 3/3
   385 | D:1      | Reached XP level 2. HP: 12/24 MP: 5/5
   405 | D:1      | Learned a level 2 spell: Song of Slaying
   590 | D:1      | Reached skill level 3 in Polearms
   922 | D:1      | Reached XP level 3. HP: 14/29 MP: 0/6
   971 | D:1      | Learned a level 3 spell: Regeneration
  1264 | D:2      | Noticed Terence
  1295 | D:2      | Killed Terence
  1295 | D:2      | Reached skill level 4 in Polearms
  1396 | D:2      | Reached XP level 4. HP: 36/36 MP: 0/7
  1569 | D:2      | Noticed Sigmund
  1589 | D:2      | Slain by Sigmund

Dungeon Overview and Level Annotations

Branches:
Dungeon (2/15)

Altars:

Annotations:
D:2 Sigmund


Message History

Something hits you. The giant newt bites you.
You closely miss the giant newt. The giant newt misses you.
A worm comes into view.
You miss the giant newt.
Your tail-slap misses the giant newt.
Something hits you!
You are too injured to fight recklessly!
You are too injured to fight recklessly!
You are too injured to fight recklessly!
You are too injured to fight recklessly!
You are too injured to fight recklessly!
You are too injured to fight recklessly!
You are too injured to fight recklessly!
You are too injured to fight recklessly!
You are too injured to fight recklessly!
Unknown command.
The giant newt bites you.
The worm moves out of view.
There is an open door here.
Read which item? (? for menu, Esc to quit)
As you read the scroll labeled CIRACAREBB, it crumbles to dust.
It is a scroll of identify.
Identify which item? (\ to view known items) (? for menu, Esc to quit)
d - a potion of resistance The giant newt bites you but does no damage.
Read which item? (? for menu, Esc to quit)
As you read the scroll labeled ZURIATR BUANESUWK, it crumbles to dust.
The scroll dissolves into smoke.
It was a scroll of fog.
The giant newt bites you.
Read which item? (? for menu, Esc to quit)
As you read the scroll labeled XEZEAD NAGG, it crumbles to dust.
It is a scroll of recharging.
You aren't carrying any rechargeable items.
Something hits you.
The giant newt bites you but does no damage.
Read which item? (? for menu, Esc to quit)
As you read the scroll labeled IHIM ROELY, it crumbles to dust.
It is a scroll of enchant armour.
Enchant which item? (? for menu, Esc to quit)
Your buckler glows green for a moment.
The giant newt completely misses you. Something hits you!
You die...

You could see a giant newt.

Vanquished Creatures
  Terence (D:2)
  An adder (D:2)
  5 giant geckos (D:1)
  4 giant cockroaches
  3 goblins (D:1)
  3 hobgoblins (D:1)
  2 jackals (D:2)
  3 kobolds (D:1)
  3 ball pythons (D:1)
  6 bats (D:1)
  3 giant newts
  4 rats
38 creatures vanquished.

Action                   |  1- 3 |  4- 6 || total
-------------------------+-------+-------++-------
Melee: Spear             |   124 |    38 ||   162
 Cast: Infusion          |     2 |       ||     2
       Song of Slaying   |     2 |       ||     2
  Use: Scroll            |       |     4 ||     4
  Eat: Chunk             |     2 |       ||     2

Vault maps used:
D:1:      ncdulo_watergridlock, grunt_decor_cap, minmay_misc_feat_plants,
          minmay_misc_feat_roman
D:2:      first_bread, uniq_sigmund, uniq_terence
